 Dungeon Crawl Stone Soup version 0.28-a0-265-g048bc9fd10 (webtiles) character file.

Game seed: 10454251469059232177

25 Spaninq the Firebug (level 2, 19/19 HPs)
             Began as a Demonspawn Fire Elementalist on Aug 27, 2021.
             Was a Follower of Uskayaw.
             Quit the game on level 1 of the Dungeon.
             The game lasted 00:02:02 (726 turns).

Spaninq the Firebug (Demonspawn Fire Elementalist)   Turns: 726, Time: 00:02:03

Health: 19/19      AC:  2    Str:  8    XL:     2   Next: 86%
Magic:  5/5        EV: 12    Int: 16    God:    Uskayaw [*.....]
Gold:   25         SH:  0    Dex: 13    Spells: 4/5 levels left

rFire   . . .      SeeInvis .   d - +0 dagger
rCold   . . .      Faith    .   (no shield)
rNeg    . . .      Spirit   .   a - +0 robe
rPois   .          Reflect  .   (helmet restricted)
rElec   .          Harm     .   (no cloak)
rCorr   .          Rampage  .   (no gloves)
Will    .....                   (no boots)
Stlth   ++........              (no amulet)
HPRegen 0.06/turn               (no ring)
MPRegen 0.09/turn               (no ring)

@: no status effects
A: antennae 1
a: Renounce Religion, Stomp


You were on level 1 of the Dungeon.
You worshipped Uskayaw.
Uskayaw was noncommittal.
You visited 1 branch of the dungeon, and saw 2 of its levels.

You collected 25 gold pieces.

Inventory:

Hand Weapons
 d - a +0 dagger (weapon)
Missiles
 b - 82 stones
Armour
 a - a +0 robe (worn)
Scrolls
 c - a scroll of amnesia {unknown}
Potions
 e - 2 potions of curing {unknown}


   Skills:
 - Level 1.7 Dodging
 - Level 1.7 Stealth
 + Level 2.2 Spellcasting
 * Level 1.9 Conjurations
 * Level 3.1 Fire Magic


You had 4 spell levels left.
You knew the following spells:

 Your Spells              Type           Power      Damage    Failure   Level
a - Foxfire               Conj/Fire      40%        2x1d6     7%          1

Your spell library contained the following spells:

 Spells                   Type           Power      Damage    Failure   Level
 Conjure Flame            Conj/Fire      10%        6-21      22%         3
 Inner Flame              Hex/Fire       6%         N/A       32%         3
 Sticky Flame             Conj/Fire      10%        2d3       56%         4
 Fireball                 Conj/Fire      5%         3d5       89%         5


Dungeon Overview and Level Annotations

Branches:
Dungeon (2/15)

Altars:
Uskayaw


Innate Abilities, Weirdness & Mutations

You have a pair of small antennae on your head.


Message History

You closely miss the kobold.
The kobold is heavily wounded.
The foxfire hits the kobold.
You kill the kobold!
b - 82 stones (gained 29)
Things that are here:
a +0 whip; a kobold corpse Your foxfire dissipates!
A bat comes into view.
Found a faded altar of an unknown god.
Casting: Foxfire (safe; 7% risk of failure)
Confirm with . or Enter, or press ? or * to list all spells.
You conjure some foxfire!
The bat barely misses you.
Casting: Foxfire (safe; 7% risk of failure)
Confirm with . or Enter, or press ? or * to list all spells.
You conjure some foxfire!
The bat hits you.
The foxfire hits the bat.
The bat is heavily wounded.
The bat closely misses you.
The foxfire hits the bat.
You kill the bat!
A ball python comes into view.
The ball python hisses angrily.
There is a faded altar of an unknown god here.
You cannot tell which god this altar belongs to.
Convert to them anyway?
Okay, then.
Casting: Foxfire (safe; 7% risk of failure)
Confirm with . or Enter, or press ? or * to list all spells.
You conjure some foxfire!
The ball python closely misses you. The ball python grabs you.
The ball python constricts you.
The foxfire hits the ball python.
You kill the ball python!
You cannot tell which god this altar belongs to.
Convert to them anyway?
Uskayaw accepts your prayer! Uskayaw welcomes you!
You can now stomp with the beat.
Your foxfire dissipates!
You see here a ball python corpse.
e - 2 fizzy silvery potions Are you sure you want to abandon this character and quit the game? (Confirm with "yes".)

######### .......@#
#######.# ♣♣♣♣♣ #.#
♣♣.8_8
##.########♣♣♣..†..
#..........♣..♣♣...
#..#######..♣♣♣♣.⌠.
#..# #......♣...
#..# #....♣♣♣.♣.
#..# #....♣..♣♣.


There were no monsters in sight!

Vanquished Creatures
  An adder (D:2)
  A dart slug (D:2)
  2 bats (D:1)
  An endoplasm (D:2)
  3 goblins
  A quokka (D:1)
  2 ball pythons (D:1)
  A frilled lizard (D:2)
  2 kobolds
14 creatures vanquished.

Vanquished Creatures (others)
  37 foxfires
37 creatures vanquished.

Grand Total: 51 creatures vanquished

Notes
Turn   | Place    | Note
-------+----------+-------------------------------------------
     0 | D:1      | Spaninq the Demonspawn Fire Elementalist began the quest
                  | for the Orb.
     0 | D:1      | Reached XP level 1. HP: 13/13 MP: 3/3
    18 | D:1      | You fall into a shaft and drop 1 floor!
   352 | D:2      | Reached skill level 3 in Fire Magic
   352 | D:2      | Gained mutation: You have a pair of small antennae on your
                  | head. [demonic ancestry]
   352 | D:2      | Reached XP level 2. HP: 19/19 MP: 0/5
   656 | D:1      | Found a faded altar of an unknown god.
   668 | D:1      | Became a worshipper of Uskayaw the Reveller
   668 | D:1      | Reached * piety under Uskayaw
   726 | D:1      | Quit the game

Illustrated notes

Levels and vault maps discovered:
D:1:      doesnt_arrival_eight_statues, layout_basic,
          shapermc_ecumenical_altar_totnotflames
D:2:      layout_basic

Skill      XL: |  1 |
---------------+----+-----
Fire Magic     | 3 |  3.1
Dodging        | |  1.7
Stealth        | |  1.7
Spellcasting   | |  2.2
Conjurations   | |  1.9

Action                   || total
-------------------------++-------
Melee: Dagger            ||     2
       Unarmed           ||     2
 Cast: Foxfire           ||    23
Armor: Robe              ||     1
Dodge: Dodged            ||     4

Table legend: (Time is in decaauts)
 A = Elapsed time spent in this place.
 B = Non-inter-level travel time spent in this place.
 C = Inter-level travel time spent in this place.
 D = Time resting spent in this place.
 E = Time spent auto-exploring this place.
 F = Levels seen in this place.
 G = Mean time per level.
                   A        B        C        D        E       F      G
               +--------+--------+--------+--------+--------+-----+--------+
         Total |    725 |    725 |      0 |    199 |    392 |   2 |  362.5 |
       Dungeon |    725 |    725 |      0 |    199 |    392 |   2 |  362.5 |
               +--------+--------+--------+--------+--------+-----+--------+

Top non-repeatable levels by time:
     D:2: 552 daAuts
     D:1: 173 daAuts
